 Dungeon Crawl Stone Soup version 0.19.1 (webtiles) character file.

107067 schauveau the Executioner (level 15, -1/126 HPs)
             Began as a Minotaur Berserker on Dec 11, 2016.
             Was a High Priest of Trog.
             Slain by a wolf spider (14 damage)
             ... on level 1 of the Spider Nest.
             The game lasted 01:02:37 (21803 turns).

schauveau the Executioner (Minotaur Berserker)     Turns: 21803, Time: 01:02:37

Health: -1/126     AC:  9    Str: 28    XL:     15   Next: 99%
Magic:  0/14       EV: 13    Int:  6    God:    Trog [*****.]
Gold:   745        SH:  0    Dex: 18    Spells: 0 memorised, 14 levels left

rFire  + . .     SeeInvis .     A - +5 war axe of Conformity {freeze, *Slow rPois Dex+8 Stlth-}
rCold  + . .     Gourm    .     B - +1 plate armour {rPois}
rNeg   . . .     Faith    .     (no shield)
rPois  +         Spirit   +     f - +2 hat
rElec  .         Reflect  .     h - +2 cloak
rCorr  .         Harm     .     l - +2 pair of gloves
MR     +....                    t - +2 pair of boots
Stlth  ..........               O - amulet of guardian spirit
                                R - ring of protection from cold
                                x - ring of protection from fire

@: corroded
A: retaliatory headbutt, horns 2, slimy green scales 1, clever 1
a: Berserk, Trog's Hand, Brothers in Arms, Burn Spellbooks, Renounce Religion


You were on level 1 of the Spider Nest.
You worshipped Trog.
Trog was extremely pleased with you.
You were not hungry.

You visited 4 branches of the dungeon, and saw 22 of its levels.
You also visited: Labyrinth and Bailey.

You collected 2222 gold pieces.
You spent 1477 gold pieces at shops.

Inventory:

Hand Weapons
 a - a +7 executioner's axe of freezing
 d - a +1 hand axe of flaming
 r - a +5 antimagic battleaxe
 A - the +5 war axe of Conformity (weapon) {freeze, *Slow rPois Dex+8 Stlth-}
   (You bought it in a shop on level 2 of the Orcish Mines)

   It has been specially enchanted to freeze those struck by it, causing extra
   injury to most foes and up to half again as much damage against particularly
   susceptible opponents.
   It can also slow down cold-blooded creatures.
   It affects your dexterity (+8).
   It protects you from poison.
   It may slow you when you take damage.
   It makes you less stealthy.
Missiles
 N - 74 tomahawks of returning (quivered)
Armour
 f - a +2 hat (worn)
 h - a +2 cloak (worn)
 l - a +2 pair of gloves (worn)
 t - a +2 pair of boots (worn)
 B - a +1 plate armour of poison resistance (worn)
Jewellery
 p - an uncursed ring of fire
 s - the ring of Pearain {*Tele *Slow +Blink +Inv Slay-4}
   (You found it on level 5 of the Dungeon)

   [ring of teleportation]

   It may teleport you next to monsters.
   It affects your accuracy and damage with ranged weapons and melee attacks
   (-4).
   It lets you turn invisible.
   It lets you blink.
   It may slow you when you take damage.
 x - a ring of protection from fire (left hand)
 y - an uncursed ring of positive energy
 E - an uncursed ring of poison resistance
 O - an amulet of guardian spirit (around neck)
 R - a ring of protection from cold (right hand)
Wands
 c - a wand of digging (6/24)
 g - a wand of paralysis (10/24)
 k - a wand of lightning (10/15)
 S - a wand of hasting (9/9)
Scrolls
 e - 8 scrolls of teleportation
 i - 2 scrolls of enchant armour
 n - 11 scrolls of remove curse
 u - a scroll of blinking
Potions
 b - a potion of lignification {unknown}
 j - 3 potions of ambrosia
 o - 12 potions of curing
 q - 2 potions of heal wounds
 v - 3 potions of invisibility
 w - 4 potions of cancellation
 z - 4 potions of might
 I - 3 potions of flight
 K - 2 potions of haste
Comestibles
 m - 2 chunks of flesh
 D - a bread ration
 J - 2 beef jerkies
 T - 18 fruits


   Skills:
 + Level 10.0 Fighting
 * Level 25.2 Axes
 + Level 9.4 Armour
 + Level 8.7 Dodging
 + Level 0.8 Evocations


You had 14 spell levels left.
You didn't know any spells.

Dungeon Overview and Level Annotations

Branches:
Dungeon (13/15)            Temple (0/1) D:4            Lair (6/6) D:9
 Shoals (0/4) Lair:2       Spider (1/4) Lair:2        Slime (0/5) Lair:6
    Orc (2/2) D:10            Elf (0/3) Orc:2        Vaults (0/5) D:13

Altars:
Ashenzari
Cheibriados
Elyvilon
Makhleb
Ru
Trog
The Shining One

Shops:
D:5 }%*=   D:12 (   Orc:2 %(}*


Innate Abilities, Weirdness & Mutations

You reflexively headbutt those who attack you in melee.
You have a pair of horns on your head.
You are partially covered in slimy green scales. (AC +2)
Your mind is acute. (Int +2)


Message History

The wolf spider closely misses you. You furiously retaliate!
You headbutt the wolf spider, but do no damage.
The wolf spider bites you!
* * * LOW HITPOINT WARNING * * *
You hit the wolf spider. You freeze the wolf spider.
The wolf spider is lightly wounded.
The wolf spider closely misses you. You furiously retaliate!
You headbutt the wolf spider.
The wolf spider bites you but does no damage.
You slash the wolf spider! You freeze the wolf spider.
You headbutt the wolf spider, but do no damage.
The wolf spider is heavily wounded.
The wolf spider hits you.
* * * LOW HITPOINT WARNING * * *
The wolf spider closely misses you.
You slash the wolf spider! You freeze the wolf spider.
Your headbutt misses the wolf spider.
The wolf spider is severely wounded.
The wolf spider hits you!!
You die...

#### #....
## ..... #
##. ....
#.#..##..#
......#
#...#
#.@##
#.s.#
##.##
##......%
..##...
..# .## ##


You could see a wolf spider.

Vanquished Creatures
  2 orc warlords
  A stone giant (Orc:2)
  A minotaur (Lab)
  Josephine (D:12)
  A vault guard (D:13)
  The ghost of loralnil the Cleaver, a journeyman FoFi of the Shining One (D:8)
  3 hydras
  A catoblepas (Lair:6)
  9 death yaks
  A queen ant (Spider:1)
  4 ogre magi
  Urug (D:11)
  The ghost of loralnil the Cleaver, a novice FoFi of Okawaru (D:7)
  An orc high priest (Orc:1)
  4 skeletal warriors
  The ghost of schauveau the Cleaver, a novice MiFi of Okawaru (D:9)
  5 hill giants
  2 lindwurms (Lair:6)
  An orb spider (Spider:1)
  Pikel (D:5)
  An ugly thing (D:13)
  An orc knight (Bailey)
  2 orc sorcerers (Orc:2)
  2 sirens (Lair:2)
  11 elephants
  A cyclops (D:12)
  14 spiny frogs
  A rime drake (Lair:5)
  10 komodo dragons
  A tyrant leech (Lair:6)
  2 merfolk
  2 jumping spiders
  2 trolls
  Grinder (D:6)
  6 hippogriffs
  A polar bear (Lair:5)
  18 two-headed ogres
  A meliai zombie (D:10)
  5 blink frogs (Lair:6)
  2 dream sheep (Lair:6)
  A tarantella (Lair:2)
  Sigmund (D:3)
  41 yaks
  6 redbacks
  5 basilisks
  4 wraiths (D:12)
  2 hungry ghosts
  A swamp worm (Lair:6)
  21 wargs
  2 soldier ants (Spider:1)
  9 water moccasins
  8 porcupines
  Duvessa (D:6)
  26 orc warriors
  A slave (D:5)
  A phantom (D:4)
  3 ice beasts
  2 black bears
  An eye of draining (D:11)
  A necrophage (D:7)
  3 sky beasts
  30 ogres
  2 wolves
  5 centaurs
  6 crocodiles
  4 big kobolds (D:10)
  15 bullfrogs
  3 gnoll sergeants
  4 scorpions
  A water moccasin skeleton (D:9)
  Dowan (D:6)
  6 killer bees (D:12)
  3 wights (D:11)
  4 howler monkeys
  3 centaur zombies
  2 quasits
  2 bullfrog zombies
  5 crimson imps
  6 hounds
  17 orc wizards
  3 bullfrog skeletons
  2 jellies
  14 orc priests
  5 iguanas
  18 worker ants
  A killer bee zombie (D:8)
  A hound skeleton (D:7)
  2 worker ant zombies
  A howler monkey skeleton (D:4)
  18 adders
  23 gnolls
  3 shadow imps
  An ooze (D:2)
  An adder zombie (D:5)
  An adder skeleton (D:9)
  5 worms
  3 dart slugs
  6 leopard geckos
  95 orcs
  6 bats
  A giant cockroach (D:1)
  8 goblins
  11 hobgoblins
  15 jackals
  17 kobolds
  6 quokkas
  A ball python (D:3)
  A ball python skeleton (D:4)
  4 frilled lizards (D:2)
  A jackal skeleton (D:4)
  A leopard gecko skeleton (D:5)
  3 rats
  A bush (Lair:6)
  5 plants
669 creatures vanquished.

Vanquished Creatures (collateral kills)
  Rupert (Lair:6)
  A hydra (Lair:4)
  2 death yaks
  An elephant (Lair:6)
  A torpor snail (Lair:6)
  2 rime drakes
  A komodo dragon (Lair:3)
  A tyrant leech (Lair:6)
  A hippogriff (Lair:3)
  3 yaks
14 creatures vanquished.

Vanquished Creatures (others)
  A crimson imp (D:5)
  A worker ant (D:5)
  A giant cockroach (D:5)
  A jackal skeleton (D:5)
  4 fungi
  2 plants (D:9)
10 creatures vanquished.

Grand Total: 693 creatures vanquished

Notes
Turn   | Place    | Note
-------+----------+-------------------------------------------
     0 | D:1      | schauveau the Minotaur Berserker began the quest for the Orb.
     0 | D:1      | Reached XP level 1. HP: 19/19 MP: 0/0
   197 | D:1      | You fall through a shaft!
   198 | D:2      | Reached XP level 2. HP: 27/27 MP: 1/1
   246 | D:2      | Reached skill level 4 in Axes
   257 | D:2      | Reached XP level 3. HP: 24/33 MP: 2/2
   611 | D:2      | Reached XP level 4. HP: 33/40 MP: 3/3
   641 | D:1      | Reached ** piety under Trog
  1340 | D:3      | Noticed Sigmund
  1352 | D:3      | Killed Sigmund
  1352 | D:3      | Reached skill level 5 in Axes
  1352 | D:3      | Reached XP level 5. HP: 47/47 MP: 4/4
  1520 | D:3      | Reached XP level 6. HP: 36/53 MP: 5/5
  1541 | D:3      | Reached skill level 6 in Axes
  1838 | D:3      | Reached skill level 5 in Fighting
  2050 | D:3      | Reached *** piety under Trog
  2137 | D:4      | Reached XP level 7. HP: 46/61 MP: 6/6
  2148 | D:4      | Reached skill level 5 in Armour
  2522 | D:4      | Reached skill level 7 in Axes
  2533 | D:5      | Entered Level 5 of the Dungeon
  2533 | D:5      | Found Mukluno's Food Shop.
  2648 | D:4      | Reached skill level 5 in Dodging
  2708 | D:4      | Found a staircase to the Ecumenical Temple.
  3556 | D:5      | Found Kuijan's General Store.
  3558 | D:5      | Noticed Pikel
  3583 | D:5      | Killed Pikel
  3583 | D:5      | Reached skill level 8 in Axes
  3583 | D:5      | Reached XP level 8. HP: 51/71 MP: 7/7
  3604 | D:5      | Bought a scroll of identify for 30 gold pieces
  3604 | D:5      | Bought a scroll of enchant armour for 112 gold pieces
  3604 | D:5      | Bought a scroll of identify for 30 gold pieces
  3623 | D:5      | Found Daaloerr's Jewellery Shop.
  3695 | D:5      | Got a faintly glowing lapis lazuli ring
  3696 | D:5      | Identified the ring of Pearain {*Tele *Slow +Blink +Inv Slay-4} (You found it on level 5 of the Dungeon)
  4026 | D:5      | Found Waus's Gadget Shoppe.
  4228 | D:6      | Reached skill level 9 in Axes
  4299 | D:6      | Noticed Grinder
  4320 | D:6      | Killed Grinder
  4491 | D:6      | Reached XP level 9. HP: 79/79 MP: 8/8
  4548 | D:6      | Reached skill level 10 in Axes
  4626 | D:6      | Noticed Dowan
  4645 | D:6      | Killed Dowan
  4645 | D:6      | Reached **** piety under Trog
  4646 | D:6      | Noticed Duvessa
  4660 | D:6      | Killed Duvessa
  5021 | D:7      | Reached skill level 11 in Axes
  5022 | D:7      | Found a shattered altar of Ashenzari.
  5022 | D:7      | Found a sacrificial altar of Ru.
  5040 | D:7      | Found a snail-covered altar of Cheibriados.
  5040 | D:7      | Found a white marble altar of Elyvilon.
  5211 | D:7      | Found a burning altar of Makhleb.
  5256 | D:7      | Noticed loralnil's ghost (novice FoFi)
  5267 | D:7      | Killed loralnil's ghost
  5267 | D:7      | Reached skill level 12 in Axes
  5554 | D:7      | Reached skill level 13 in Axes
  5944 | D:8      | Noticed loralnil's ghost (journeyman FoFi)
  5967 | D:8      | Killed loralnil's ghost
  5967 | D:8      | Reached XP level 10. HP: 61/86 MP: 9/9
  6285 | D:8      | Reached skill level 14 in Axes
  6925 | D:8      | Received a gift from Trog
  7160 | D:10     | Entered Level 10 of the Dungeon
  7382 | D:9      | Found a staircase to the Lair.
  7693 | D:9      | Reached skill level 15 in Axes
  7857 | D:9      | Noticed schauveau's ghost (novice MiFi)
  7904 | D:9      | Killed schauveau's ghost
  8190 | Lair:1   | Entered Level 1 of the Lair of Beasts
  8264 | Lair:1   | Noticed a spiny frog
  8278 | Lair:1   | Killed a spiny frog
  8278 | Lair:1   | Reached skill level 16 in Axes
  8302 | Lair:1   | Noticed an elephant
  8303 | Lair:1   | Noticed an elephant
  8305 | Lair:1   | Noticed an elephant
  8305 | Lair:1   | Noticed an elephant
  8305 | Lair:1   | Noticed an elephant
  8305 | Lair:1   | Noticed an elephant
  8328 | Lair:1   | Killed an elephant
  8340 | Lair:1   | Killed an elephant
  8340 | Lair:1   | Reached XP level 11. HP: 38/92 MP: 8/10
  8376 | Lair:1   | Reached skill level 17 in Axes
  8627 | Lair:1   | Reached ***** piety under Trog
  9627 | Lair:3   | Reached skill level 18 in Axes
  9997 | Lair:2   | Found a staircase to the Shoals.
 10109 | Lair:2   | Reached skill level 19 in Axes
 10178 | Lair:2   | Found a hole to the Spider Nest.
 10922 | Lair:2   | Identified a scroll of acquirement
 11174 | Lair:3   | Reached XP level 12. HP: 62/100 MP: 6/11
 11289 | Lair:3   | Noticed an eight-headed hydra
 12043 | D:10     | Found a staircase to the Orcish Mines.
 12525 | D:11     | Received a gift from Trog
 12815 | D:11     | Reached skill level 20 in Axes
 12839 | D:11     | Noticed a four-headed hydra
 12865 | D:11     | Killed a four-headed hydra
 12893 | D:11     | Gained mutation: You are partially covered in slimy green scales. (AC +2) [potion of beneficial mutation]
 13134 | D:11     | Noticed Urug
 13144 | D:11     | Killed Urug
 13266 | D:11     | Noticed an orc warlord
 13650 | D:10     | Killed an orc warlord
 14512 | D:12     | Noticed Josephine
 14521 | D:12     | Killed Josephine
 14521 | D:12     | Reached XP level 13. HP: 111/111 MP: 12/12
 14522 | D:12     | Received a gift from Trog
 14575 | D:12     | Found Bali's Weapon Emporium.
 14723 | D:13     | Found a gate to the Vaults.
 15029 | D:13     | Found a flagged portal.
 15044 | Bailey   | Entered a bailey
 15800 | D:11     | Received a gift from Trog
 15918 | Lair:2   | Gained mutation: Your mind is acute. (Int +2) [potion of beneficial mutation]
 15996 | Lair:3   | Reached skill level 21 in Axes
 16382 | Lair:4   | Found a glowing golden altar of the Shining One.
 16950 | Lair:5   | Found a labyrinth entrance.
 16974 | Lab      | Entered a labyrinth
 17157 | Lab      | Noticed a minotaur
 17159 | Lab      | Killed a minotaur
 17173 | Lab      | Identified Umop's Collected Works on Intoxication and Malediction
 17173 | Lab      | Identified the Incunabulum of Mutagenic Ice
 17240 | Lair:4   | Reached skill level 22 in Axes
 17878 | Lair:6   | Entered Level 6 of the Lair of Beasts
 17897 | Lair:6   | Reached XP level 14. HP: 75/119 MP: 8/13
 17991 | Lair:6   | Received a gift from Trog
 18207 | Lair:6   | Noticed Rupert
 18209 | Lair:6   | Paralysed by Rupert for 7 turns
 18212 | Lair:6   | Killed Rupert
 18236 | Lair:6   | Reached skill level 23 in Axes
 18243 | Lair:6   | Found a staircase to the Slime Pits.
 19811 | Lair:2   | Identified a +2 rod of ignition (14/14) (You took it off a minotaur in a labyrinth)
 19825 | Lair:2   | Reached skill level 24 in Axes
 19825 | Lair:2   | Reached XP level 15. HP: 126/126 MP: 14/14
 19921 | Orc:1    | Entered Level 1 of the Orcish Mines
 20102 | Orc:2    | Entered Level 2 of the Orcish Mines
 20102 | Orc:2    | Found a staircase to the Elven Halls.
 20133 | Orc:2    | Found a bloodstained altar of Trog.
 20509 | Orc:2    | Received a gift from Trog
 20541 | Orc:2    | Noticed an orc warlord
 20564 | Orc:2    | Killed an orc warlord
 20564 | Orc:2    | Reached skill level 25 in Axes
 20694 | Orc:2    | Paralysed by an orc sorcerer for 2 turns
 21027 | Orc:2    | Found Tippol's Gadget Shoppe.
 21027 | Orc:2    | Found Xyvuq's Assorted Antiques.
 21028 | Orc:2    | Found Boxkasm's Food Shop.
 21028 | Orc:2    | Found Mutrier's Antique Weapon Shoppe.
 21037 | Orc:2    | Bought a brightly glowing war axe for 297 gold pieces
 21038 | Orc:2    | Bought a bronze plate armour for 1008 gold pieces
 21053 | Orc:2    | Identified the +1 plate armour "Bybluk" {rC++} (You bought it in a shop on level 2 of the Orcish Mines)
 21583 | Lair:2   | Identified the +5 war axe of Conformity {freeze, *Slow rPois Dex+8 Stlth-} (You bought it in a shop on level 2 of the Orcish Mines)
 21602 | Spider:1 | Entered Level 1 of the Spider Nest
 21629 | Spider:1 | Reached skill level 10 in Fighting
 21803 | Spider:1 | Slain by a wolf spider

Skill      XL: |  1  2  3  4  5  6  7  8  9 10 11 12 13 14 15 |
---------------+----------------------------------------------+-----
Axes           | 4 5 6 8 9 13 16 19 20 22 24 25 | 25.2
Fighting       | 4 5 6 7 9 10 | 10.0
Armour         | 3 4 6 8 9 |  9.4
Dodging        | 3 4 5 6 7 8 |  8.7
Evocations     | |  0.8

Action                   |  1- 3 |  4- 6 |  7- 9 | 10-12 | 13-15 || total
-------------------------+-------+-------+-------+-------+-------++-------
Melee: Hand axe          |    59 |   142 |   350 |   559 |       ||  1110
       Headbutt          |     9 |    20 |    72 |   177 |   111 ||   389
       Executioner's axe |       |       |       |   152 |   528 ||   680
       Battleaxe         |       |       |       |    67 |       ||    67
       Trident           |       |       |       |    12 |     3 ||    15
       War axe           |       |       |       |       |    43 ||    43
Invok: Berserk           |       |     1 |     4 |     7 |     1 ||    13
       Burn Spellbooks   |       |       |     1 |       |     5 ||     6
       Brothers in Arms  |       |       |       |     1 |     7 ||     8
  Use: Scroll            |       |       |    13 |    19 |    16 ||    48
       Potion            |       |       |       |     1 |     8 ||     9
  Eat: Chunk             |       |     5 |    12 |    18 |     7 ||    42
       Beef jerky        |       |       |     1 |     4 |     3 ||     8
       Pizza             |       |       |     1 |     1 |       ||     2
       Fruit             |       |       |       |     5 |       ||     5
       Bread ration      |       |       |       |     2 |     2 ||     4
       Royal jelly       |       |       |       |     1 |     1 ||     2
       Meat ration       |       |       |       |       |     1 ||     1
Armor: Scale mail        |    31 |    66 |    23 |       |       ||   120
       Animal skin       |     1 |       |       |       |       ||     1
       Chain mail        |       |       |   108 |    36 |       ||   144
       Plate armour      |       |       |       |   320 |   375 ||   695
Dodge: Dodged            |    41 |    68 |   131 |   281 |   339 ||   860
